 Dungeon Crawl Stone Soup version 0.19-a0-1907-gcff654f (webtiles) character file.

243 LORDOFBUTT the Covered (level 5, -6/46 HPs)
             Began as a Minotaur Fighter on Oct 22, 2016.
             Mangled by a gnoll
             ... wielding a +0 halberd
              (10 damage)
             ... on level 3 of the Dungeon.
             The game lasted 00:02:03 (1577 turns).

LORDOFBUTT the Covered (Minotaur Fighter)           Turns: 1577, Time: 00:02:04

Health: -6/46      AC:  7    Str: 25    XL:     5   Next: 82%
Magic:  4/4        EV:  8    Int:  5    God:
Gold:   121        SH: 10    Dex: 11    Spells: 0 memorised, 4 levels left

rFire  . . .     SeeInvis .     a - +0 war axe
rCold  . . .     Gourm    .     b - +0 scale mail
rNeg   . . .     Faith    .     c - +0 shield
rPois  .         Spirit   .     (helmet restricted)
rElec  .         Reflect  .     (no cloak)
rCorr  .         Harm     .     (no gloves)
MR     .....                    (no boots)
Stlth  ..........               (no amulet)
                                (no ring)
                                (no ring)

@: mighty
A: retaliatory headbutt, horns 2
a: no special abilities


You were on level 3 of the Dungeon.
You were hungry.

You visited 1 branch of the dungeon, and saw 3 of its levels.

You collected 121 gold pieces.

Inventory:

Hand Weapons
 a - a +0 war axe (weapon)
Armour
 b - a +0 scale mail (worn)
 c - a +0 shield (worn)
Jewellery
 n - an uncursed amulet of faith {unknown}
Scrolls
 e - 2 scrolls of remove curse {unknown}
 i - a scroll of amnesia {unknown}
 j - a scroll of identify {unknown}
 k - a scroll of enchant armour {unknown}
Potions
 l - a potion of berserk rage {unknown}
 m - a potion of brilliance {unknown}
 o - a potion of curing {unknown}
Comestibles
 f - a bread ration
 h - 3 meat rations


   Skills:
 + Level 4.3 Fighting
 + Level 5.1 Axes
 + Level 5.2 Armour
 + Level 0.2 Dodging
 + Level 4.5 Shields


You had 4 spell levels left.
You didn't know any spells.

Dungeon Overview and Level Annotations

Branches:
Dungeon (3/15)

Altars:
The Shining One

Annotations:
D:3 Robin


Innate Abilities, Weirdness & Mutations

You reflexively headbutt those who attack you in melee.
You have a pair of horns on your head.


Message History

You barely miss the hobgoblin. You headbutt the hobgoblin.
You kill the hobgoblin!
You barely miss the orc. You closely miss the adder.
Robin throws the goblin at you! The goblin hits you but does no damage.
The adder bites you but does no damage. You block the orc's attack.
You block the gnoll's attack. The adder bites you but does no damage.
The goblin hits you but does no damage.
Robin roars a battlecry!
The goblins go into a battle-frenzy!
The gnoll barely misses you.
You hit the adder. You headbutt the adder.
You kill the adder!
Your scale mail prevents you from hitting the orc.
Your shield and scale mail prevent you from hitting the goblin.
You barely miss the hobgoblin. The orc hits you.
The gnoll hits you from afar with a halberd!
* * * LOW HITPOINT WARNING * * *
You block the goblin's attack. You block the hobgoblin's attack.
The gnoll hits you from afar with a halberd!
You die...

....#......#####.......
. #......### .......
####....# ...(...
#.##.##### %(..... ...
#.....##....... ....
#####..#....... ......
##$)....... .....
#.####gg...... ...#
#....g@.......
###.ggo.....#.
..g....ggg$...#
...............
..............#
....>.........#
...............
.............#.


You could see Robin, 3 gnolls, an orc, a hobgoblin and 4 goblins.

Vanquished Creatures
  The ghost of asss the Vexing, an amateur OpWn (D:3)
  3 adders
  A gnoll (D:3)
  2 oozes (D:2)
  2 worms (D:2)
  2 dart slugs (D:1)
  3 leopard geckos (D:2)
  4 giant cockroaches
  8 goblins
  5 hobgoblins
  9 jackals
  6 kobolds
  8 bats
  2 frilled lizards (D:2)
  7 rats
63 creatures vanquished.

Notes
Turn   | Place    | Note
-------+----------+-------------------------------------------
     0 | D:1      | LORDOFBUTT the Minotaur Fighter began the quest for the Orb.
     0 | D:1      | Reached XP level 1. HP: 19/19 MP: 0/0
   202 | D:1      | Reached XP level 2. HP: 26/27 MP: 1/1
   461 | D:1      | Reached XP level 3. HP: 23/33 MP: 2/2
   999 | D:2      | Reached XP level 4. HP: 36/40 MP: 3/3
  1363 | D:2      | Found a glowing golden altar of the Shining One.
  1564 | D:3      | Noticed asss's ghost (amateur OpWn)
  1573 | D:3      | Killed asss's ghost
  1573 | D:3      | Reached skill level 5 in Armour
  1573 | D:3      | Reached XP level 5. HP: 32/46 MP: 4/4
  1573 | D:3      | Reached skill level 5 in Axes
  1575 | D:3      | Noticed Robin
  1577 | D:3      | Mangled by a gnoll

Vault maps used:
D:1:      nagdon_arrival_zigzag_paths
D:2:      lemuel_round_altar
D:3:      cheibriados_altar_1, wad_rectangle_vault, uniq_robin

Skill      XL: |  1  2  3  4  5 |
---------------+----------------+-----
Shields        | 4 |  4.5
Armour         | 4 5 |  5.2
Axes           | 3 4 5 |  5.1
Fighting       | 4 |  4.3
Dodging        | |  0.2

Action                   |  1- 3 |  4- 6 || total
-------------------------+-------+-------++-------
Melee: War axe           |   110 |    37 ||   147
       Headbutt          |    12 |    12 ||    24
  Use: Potion            |       |     1 ||     1
 Stab: Distracted        |       |     1 ||     1
  Eat: Beef jerky        |       |     1 ||     1
Armor: Scale mail        |    72 |    17 ||    89
Dodge: Dodged            |    44 |    11 ||    55
Block: Shield            |    74 |    21 ||    95
